 Dungeon Crawl Stone Soup version 0.29-a0-297-g7659ce593d (webtiles) character file.

Game seed: 5239196626525463794

37 Dabor the Insei (level 3, -1/18 HPs)
             Began as a Vine Stalker Transmuter on Mar 21, 2022.
             Was a Follower of Dithmenos.
             Slain by a goblin
             ... wielding a +0 club
             ... led by Robin
              (3 damage)
             ... on level 2 of the Dungeon.
             The game lasted 00:01:17 (880 turns).

Dabor the Insei (Vine Stalker Transmuter)            Turns: 880, Time: 00:01:18

Health: -1/18      AC:  2    Str: 20    XL:     3   Next: 39%
Magic:  0/7        EV: 12    Int: 13    God:    Dithmenos [*.....]
Gold:   24         SH:  0    Dex: 14    Spells: 4/7 levels left

rFire   . . .      SeeInvis .     - Unarmed
rCold   . . .      Faith    .   (no shield)
rNeg    . . .      Spirit   +   a - +0 robe
rPois   .          Reflect  .   (helmet currently unavailable)
rElec   .          Harm     .   (no cloak)
rCorr   .          Rampage  .   (no gloves)
Will    .....                   (boots currently unavailable)
Stlth   +.........              (no amulet)
HPRegen 0.06/turn               f - +6 ring of strength
MPRegen 0.10/turn               (no ring)

@: appendages (expiring), wereblooded, wreathed by umbra
A: horns 2, talons 2, fangs 2, magic shield, antimagic bite, no potion heal 2
a: End Transformation, Renounce Religion


You were on level 2 of the Dungeon.
You worshipped Dithmenos.
Dithmenos was aware of your devotion.
You had temporarily grown beastly horns and talons.
You visited 1 branch of the dungeon, and saw 2 of its levels.

You collected 24 gold pieces.

Inventory:

Armour
 a - a +0 robe (worn)
 h - a +0 pair of boots (melded)
Jewellery
 f - a +6 ring of strength (left hand)
Scrolls
 c - 3 scrolls of identify {unknown}
 d - a scroll of blinking {unknown}
Potions
 b - a potion of lignification
 e - a potion of curing {unknown}
 g - 2 potions of might {unknown}


   Skills:
 + Level 1.4 Fighting
 + Level 1.9 Dodging
 + Level 3.3 Unarmed Combat
 + Level 2.5 Spellcasting
 + Level 2.4 Transmutations


You had 4 spell levels left.
You knew the following spells:

 Your Spells              Type           Power      Damage    Failure   Level
a - Beastly Appendage     Tmut           14%        N/A       9%          1
b - Wereblood             Tmut           7%         N/A       14%         2

Your spell library contained the following spells:

 Spells                   Type           Power      Damage    Failure   Level
 Spider Form              Tmut/Pois      4%         N/A       41%         3
 Ice Form                 Ice/Tmut       4%         N/A       82%         4


Dungeon Overview and Level Annotations

Branches:
Dungeon (2/15)

Altars:
Dithmenos

Annotations:
D:2 Robin


Innate Abilities, Weirdness & Mutations

You have temporarily grown beastly horns and talons.
You have extremely sharp teeth.
When hurt, damage is shared between your health and your magic reserves.
Your bite disrupts and absorbs the magic of your enemies.
Potions cannot restore your health.


Message History

Your blood is infused with primal strength.
Casting: Wereblood (safe; 14% risk of failure)
Confirm with . or Enter, or press ? or * to list all spells.
You grow a pair of large bovine horns.
Your feet morph into talons.
Your +0 pair of boots melds into your body.
The goblin shoots a sling bullet.
The sling bullet closely misses you.
You hit the goblin.
You feel a bit better.
You kill the goblin!
Dithmenos accepts your kill.
A goblin comes into view. It is wielding a +0 dagger.
You hit the hobgoblin.
You kill the hobgoblin!
Dithmenos accepts your kill.
You closely miss the goblin. You claw the goblin.
You kill the goblin!
Dithmenos accepts your kill.
Your transformation is almost over.
You barely miss the goblin. You headbutt the goblin.
You kill the goblin!
Dithmenos accepts your kill.
Robin roars a battlecry!
The goblins go into a battle-frenzy!
You closely miss the goblin. You claw the goblin.
You kill the goblin!
Dithmenos accepts your kill. Robin throws the goblin at you!
The goblin unwields a +0 hunting sling.
The goblin wields a +0 club.
The goblin barely misses you.
You barely miss the goblin. Your kick misses the goblin.
Your bite misses the goblin. The goblin hits you with a +0 dagger.
The goblin hits you with a +0 club.
You barely miss the goblin. Your kick misses the goblin.
Your bite misses the goblin.
The goblin hits you with a +0 dagger. x2
The goblin hits you with a +0 club.
* * * LOW HITPOINT WARNING * * *
The goblin hits you with a +0 dagger.
* * * LOW HITPOINT WARNING * * *
The goblin hits you with a +0 dagger.
* * * LOW HITPOINT WARNING * * *
The goblin hits you with a +0 club.
You die...

#.# .. .. #.# ... #.
#.# ...# #. #.#
.....#. #.#
....#.###.#
....g.....#######..
#..g.gg@.......
#.....gg#......
....................
#...g#.......#....##
#..g #.......#....#
#.. #.......# ...#
#. #.......# ...# #
###.....# ### .....#


You could see Robin and 5 goblins.

Vanquished Creatures
  2 endoplasms (D:1)
  8 goblins
  5 hobgoblins
  2 jackals (D:1)
  2 quokkas (D:1)
  4 ball pythons (D:1)
  4 bats (D:1)
  3 frilled lizards (D:1)
  2 kobolds (D:1)
  A rat (D:1)
33 creatures vanquished.

Notes
Turn   | Place    | Note
-------+----------+-------------------------------------------
     0 | D:1      | Dabor the Vine Stalker Transmuter began the quest for the
                  | Orb.
     0 | D:1      | Reached XP level 1. HP: 9/9 MP: 4/4
    31 | D:1      | Reached skill level 1 in Fighting
   205 | D:1      | Reached XP level 2. HP: 7/14 MP: 4/6
   412 | D:1      | Found a faded altar of an unknown god.
   420 | D:1      | Prayed at the altar of an unknown god.
   420 | D:1      | Became a worshipper of Dithmenos the Shadowed
   420 | D:1      | Reached * piety under Dithmenos
   480 | D:1      | Learned a level 2 spell: Wereblood
   526 | D:1      | Reached XP level 3. HP: 17/18 MP: 3/7
   863 | D:1      | You fall into a shaft and drop 1 floor!
   863 | D:2      | Noticed Robin
   880 | D:2      | Slain by a goblin

Illustrated notes

Levels and vault maps discovered:
D:1:      matt_arrival_los_fun, layout_basic,
          hellmonk_ecumenical_altar_pennies_from_heaven, minmay_pentomino_x4
D:2:      layout_basic, uniq_natasha, uniq_sigmund, uniq_robin,
          uniq_crazy_yiuf_cottage

Skill      XL: |  1 |
---------------+----+-----
Fighting       | 1 |  1.4
Dodging        | |  1.9
Unarmed Combat | |  3.3
Spellcasting   | |  2.5
Transmutations | |  2.4

Action                   || total
-------------------------++-------
Melee: Unarmed           ||    70
       Bite              ||     8
       Kick              ||     8
       Headbutt          ||     3
 Cast: Beastly Appendage ||     6
       Wereblood         ||     2
Armor: Robe              ||    16
Dodge: Dodged            ||    68

Table legend: (Time is in decaauts)
 A = Elapsed time spent in this place.
 B = Non-inter-level travel time spent in this place.
 C = Inter-level travel time spent in this place.
 D = Time resting spent in this place.
 E = Time spent auto-exploring this place.
 F = Levels seen in this place.
 G = Mean time per level.
                   A        B        C        D        E       F      G
               +--------+--------+--------+--------+--------+-----+--------+
         Total |    878 |    878 |      0 |      0 |    699 |   2 |  439.0 |
       Dungeon |    878 |    878 |      0 |      0 |    699 |   2 |  439.0 |
               +--------+--------+--------+--------+--------+-----+--------+

Top non-repeatable levels by time:
     D:1: 862 daAuts
     D:2: 16 daAuts
